AoeStats
← 刘宇航

Black Forest

510336749Analyzed
3v3 RM · 21h ago on Sep 30, 2026· 64m 22s· 6 players
Game mode
Random Map
Map size
Normal (6 player)
Population
200
Speed
Normal
Resources
Standard
Victory
Conquest
Starting age
Dark Age
Ending age
Imperial Age
RankedLock teamsTeams togetherTeam positionsShared explorationLock speedFull tech treeHidden civsTurbo modeCheats
Victory
Defeat
🇨🇳 Saxons · China
618
+18
🇦🇷 Tatars · Argentina
607
+18
🇫🇷 Goths · France
606
+18
🇨🇳 Franks · China
691
-19
🇨🇳 Persians · China
672
-19
🇨🇳 Saracens · China
600
-16
ॐPixoॐ
15:37 Feudal Age
16:00 Horse Collar
16:18 Double-Bit Axe
19:10 Stone Mining
23:02 Castle Age
24:07 Heavy Plow
24:26 Bow Saw
25:13 Stone Shaft Mining
25:25 Fletching
27:28 Wheelbarrow
27:10 Murder Holes
27:13 Bodkin Arrow
31:55 Ballistics
31:46 Masonry
32:09 Gold Mining
37:12 Imperial Age
41:58 Hand Cart
41:31 Loom
42:19 Bracer
42:29 Forging
42:19 Scale Mail Armor
42:20 Padded Archer Armor
43:53 Crop Rotation
45:21 Two-Man Saw
46:49 Perfusion
47:09 Conscription
46:53 Anarchy
47:08 Pikeman
47:48 Squires
47:42 Halberdier
51:21 Forging
51:27 Chain Mail Armor
51:12 Padded Archer Armor
55:36 Iron Casting
55:16 Leather Archer Armor
54:36 Elite Huskarl
伐木王
0:36 Loom
12:40 Feudal Age
15:39 Gold Mining
15:38 Double-Bit Axe
15:36 Horse Collar
21:15 Castle Age
20:02 Stone Mining
23:01 Gold Shaft Mining
24:54 Bow Saw
25:47 Treadmill Crane
26:18 Fortified Wall
31:30 Imperial Age
29:50 Scale Mail Armor
30:00 Forging
30:53 Chain Mail Armor
31:36 Caravan
33:28 Elite Hearth Troop
34:43 Plate Mail Armor
34:49 Iron Casting
34:40 Conscription
39:38 Shield Wall
42:15 Two-Man Saw
41:53 Wheelbarrow
42:44 Heavy Scorpion
42:48 Capped Ram
44:48 Hand Cart
46:00 Siege Ram
48:33 Squires
48:19 Arson
57:04 Onager
lobitomanufischer
13:05 Feudal Age
14:15 Double-Bit Axe
21:07 Castle Age
19:44 Gold Mining
19:37 Horse Collar
19:53 Stone Mining
20:34 Padded Archer Armor
20:25 Fletching
20:41 Scale Barding Armor
23:05 Caravan
25:03 Bow Saw
24:55 Heavy Plow
25:32 Gold Shaft Mining
26:26 Ballistics
28:11 Pikeman
32:47 Fortified Wall
32:34 Murder Holes
39:37 Imperial Age
37:50 Husbandry
38:00 Bloodlines
38:37 Light Cavalry
41:10 Elite Steppe Lancer
43:48 Chemistry
42:39 Heated Shot
43:27 Crop Rotation
44:17 Hussar
44:40 Heavy Cavalry Archer
46:49 Heavy Camel Rider
47:42 Halberdier
48:22 Squires
62:41 Bodkin Arrow
63:02 Leather Archer Armor
63:09 Chain Barding Armor
63:54 Elite Keshik
64:37 Silk Armor
64:07 Elite Keshik
64:48 Silk Armor
65:02 Timurid Siegecraft
刘宇航
13:49 Feudal Age
20:39 Castle Age
20:19 Double-Bit Axe
20:18 Horse Collar
22:05 Husbandry
22:16 Bloodlines
22:52 Stone Mining
22:53 Gold Mining
23:43 Forging
24:14 Heavy Plow
25:24 Squires
27:32 Bow Saw
28:47 Iron Casting
33:19 Scale Mail Armor
33:28 Scale Barding Armor
36:47 Imperial Age
35:27 Gold Shaft Mining
38:28 Pikeman
40:51 Two-Man Saw
40:21 Conscription
41:43 Wheelbarrow
40:54 Loom
43:03 Blast Furnace
42:23 Chain Barding Armor
42:05 Scale Mail Armor
41:38 Elite Mameluke
42:41 Bimaristan
43:52 Caravan
49:40 Hand Cart
53:03 Plate Barding Armor
54:22 Heavy Camel Rider
911625239
14:06 Feudal Age
15:47 Double-Bit Axe
19:02 Gold Mining
23:21 Castle Age
22:24 Loom
23:11 Stone Mining
23:42 Scale Barding Armor
23:57 Forging
25:46 Husbandry
26:57 Bow Saw
27:13 Chain Barding Armor
27:28 Iron Casting
27:35 Gold Shaft Mining
43:18 Caravan
46:46 Imperial Age
43:59 Elite Skirmisher
45:51 Padded Archer Armor
45:42 Fletching
47:57 Cavalier
54:20 Plate Barding Armor
54:46 Blast Furnace
54:02 Leather Archer Armor
53:43 Bodkin Arrow
53:50 Scale Mail Armor
58:57 Chemistry
58:21 Ballistics
60:18 Masonry
1765391552
0:52 Loom
12:39 Feudal Age
17:53 Castle Age
20:53 Double-Bit Axe
27:49 Gold Mining
27:50 Stone Mining
29:21 Gold Shaft Mining
30:21 Stone Shaft Mining
34:45 Imperial Age
34:08 Scale Barding Armor
34:14 Forging
34:06 Scale Mail Armor
33:58 Fletching
34:08 Padded Archer Armor
34:36 Bow Saw
35:04 Wheelbarrow
34:15 Town Watch
37:27 Elite War Elephant
38:28 Conscription
39:07 Chain Barding Armor
39:23 Iron Casting
39:04 Chain Mail Armor
41:49 Plate Barding Armor
42:15 Blast Furnace
43:53 Two-Man Saw
52:57 Heavy Camel Rider
59:30 Onager
Connection lost

Rejoining the realm…

Still unreachable

The connection could not be restored.

Session expired

The server has moved on; the page needs a fresh start.